 Dungeon Crawl Stone Soup version 0.28-a0-1347-g113dc556a4 (webtiles) character file.

Game seed: 1270713219555703959

44 sanka the Cudgeller (level 3, -3/35 HPs)
             Began as a Gnoll Cinder Acolyte on Dec 29, 2021.
             Was a High Priest of Ignis.
             Slain by Terence (8 damage)
             ... on level 2 of the Dungeon.
             The game lasted 00:01:59 (1306 turns).

sanka the Cudgeller (Gnoll Cinder Acolyte)          Turns: 1306, Time: 00:01:59

Health: -3/35      AC:  3    Str: 13    XL:     3   Next: 60%
Magic:  0/7        EV: 11    Int: 15    God:    Ignis [*****.]
Gold:   39         SH:  0    Dex:  7    Spells: 5/7 levels left

rFire   + . .      SeeInvis .   a - -1 mace (flame)
rCold   . . .      Faith    .   (no shield)
rNeg    . . .      Spirit   .   b - +0 robe
rPois   .          Reflect  .   (no helmet)
rElec   .          Harm     .   h - +0 cloak
rCorr   .          Rampage  .   (no gloves)
Will    .....                   (no boots)
Stlth   +.........              (no amulet)
HPRegen 0.11/turn               (no ring)
MPRegen 0.10/turn               (no ring)

@: lethally poisoned (-3 -> -5)
A: fangs 1, strong nose, distributed training
a: Renounce Religion, Fiery Armour, Foxfire Swarm, Rising Flame


You were on level 2 of the Dungeon.
You worshipped Ignis.
Ignis was extremely pleased with you.
You visited 1 branch of the dungeon, and saw 2 of its levels.

You collected 39 gold pieces.


Innate Abilities, Weirdness & Mutations

You have very sharp teeth.
Your uncanny sense of smell can sniff out nearby items.
Your experience applies equally to all skills.


   Skills:
 + Level 6.5 Fighting
 + Level 0.9 Short Blades
 + Level 0.9 Long Blades
 + Level 0.9 Axes
 + Level 6.5 Maces & Flails
 + Level 0.9 Polearms
 + Level 0.9 Staves
 + Level 0.9 Slings
 + Level 0.9 Bows
 + Level 0.9 Crossbows
 + Level 0.9 Throwing
 + Level 0.9 Armour
 + Level 0.9 Dodging
 + Level 0.9 Stealth
 + Level 0.9 Shields
 + Level 0.9 Unarmed Combat
 + Level 2.8 Spellcasting
 + Level 0.6 Conjurations
 + Level 0.6 Hexes
 + Level 0.6 Summonings
 + Level 0.6 Necromancy
 + Level 0.6 Translocations
 + Level 0.6 Transmutations
 + Level 5.4 Fire Magic
 + Level 0.6 Ice Magic
 + Level 0.6 Air Magic
 + Level 0.6 Earth Magic
 + Level 0.6 Poison Magic
 + Level 1.0 Invocations
 + Level 0.9 Evocations


You had 5 spell levels left.
You knew the following spells:

 Your Spells              Type           Power      Damage    Failure   Level
y - Scorch                Fire           36%        2d7       3%          2

Your spell library contained the following spells:

 Spells                   Type           Power      Damage    Failure   Level


Inventory:

Hand Weapons
 a - a -1 mace of flaming (weapon)
Armour
 b - a +0 robe (worn)
 h - a +0 cloak (worn)
Scrolls
 e - a scroll of fog {unknown}
 f - a scroll of vulnerability {unknown}
 g - a scroll of amnesia {unknown}
Potions
 c - a potion of lignification {unknown}
 d - a potion of haste {unknown}

Dungeon Overview and Level Annotations

Branches:
Dungeon (2/15)

Altars:

Annotations:
D:2 Terence

..▒ ▒..▒ .▒
▒..▒▒▒.▒. .
........ .. ▒▒
▒▒▒...... ... ▒.
......▒ ▒.
▒...▒.▒▒▒..▒..▒...
+.......g....J..<.
▒......@▒▒.......▒
▒▒▒▒..▒.▒▒..▒.▒..▒
............▒ ▒
▒▒▒▒.▒▒.▒▒▒.▒ ▒
.... .▒ ∆ ▒▒▒.. .▒
∆ ▒..▒∆.. .... ..


You could see Terence and an endoplasm.


Message History

You finish memorising.
Spell assigned to 'y'.
Terence shouts!
Nothing quivered!
Nothing quivered!
Nothing quivered!
Flames lash Terence but do no damage.
Flames lash Terence but do no damage.
Flames lash Terence.
Terence is moderately wounded.
Terence's fire resistance burns away.
Terence hits you with a +8 short sword of venom!
You are poisoned.
You feel very sick.
You feel very sick.
An endoplasm comes into view.
You feel very sick.
You feel sick.
Terence is no longer more vulnerable to fire.
You feel sick.
Terence hits you with a +8 short sword of venom.
* * * LOW HITPOINT WARNING * * *
You feel sick.
You feel sick.
There is a stone staircase leading up, spattered with blood here.
Flames lash Terence but do no damage.
The endoplasm quivers.
You feel sick.
Terence hits you with a +8 short sword of venom!
You die...

Action                   || total
-------------------------++-------
Melee: Mace              ||    72
       Bite              ||     5
       Punch             ||     1
 Cast: Scorch            ||     4
Armor: Robe              ||    15
Dodge: Dodged            ||    52

Levels and vault maps discovered:
D:1:      ncdulo_wetmaze, layout_rooms, shapermc_ecumenical_altar_mp_highgroup,
          grunt_decor_cap, minmay_misc_feat_plants
D:2:      layout_basic, uniq_natasha, uniq_terence

Notes
Turn   | Place    | Note
-------+----------+-------------------------------------------
     0 | D:1      | sanka the Gnoll Cinder Acolyte began the quest for the Orb.
     0 | D:1      | Reached XP level 1. HP: 23/23 MP: 4/4
   246 | D:1      | Reached XP level 2. HP: 29/29 MP: 5/5
   730 | D:1      | Reached XP level 3. HP: 32/35 MP: 7/7
   800 | D:1      | Found a faded altar of an unknown god.
  1076 | D:1      | Reached skill level 1 in Invocations
  1288 | D:2      | Noticed Terence
  1293 | D:2      | Learned a level 2 spell: Scorch
  1306 | D:2      | Slain by Terence

Vanquished Creatures
  An adder (D:1)
  A dart slug (D:1)
  6 endoplasms (D:1)
  3 giant cockroaches
  2 goblins (D:1)
  2 hobgoblins (D:1)
  2 quokkas (D:1)
  2 ball pythons (D:1)
  A bat (D:1)
  A frilled lizard (D:1)
  5 kobolds (D:1)
  2 rats (D:1)
28 creatures vanquished.
